 Dungeon Crawl Stone Soup version 0.17-a0-1939-ga475588 (webtiles) character file.

405844 HungrySpirit the Devastator (level 21, -2/171 HPs)
             Began as a Demigod Conjurer on Sept 28, 2015.
             Killed by the air
             ... invoked by a spriggan air mage
              (23 damage)
             ... on level 2 of the Depths on Sept 29, 2015.
             The game lasted 05:16:30 (93423 turns).

HungrySpirit the Devastator (Demigod Conjurer)     Turns: 93423, Time: 05:16:35

Health: -2/171     AC: 11    Str:  9    XL:     21   Next: 42%
Magic:  8/65       EV: 20    Int: 41    God:
Gold:   2103       SH:  6    Dex: 18    Spells: 11 memorised, 6 levels left

rFire  + + .     SeeInvis +     X - +4 long sword "Asusk" {slice, rPois rF++ MP+9 Stlth-}
rCold  + . .     Clarity  +     W - +1 robe of Gozag's Vengeance {rCorr Int+3 Dex+2 SInv}
rNeg   + . .     SustAt   +     A - +0 buckler of the Sturgeon {rC+ Slay+3}
rPois  +         Gourm    .     R - +2 helmet {SInv}
rElec  .         Spirit   .     U - +0 cloak {MR+}
rCorr  +         Warding  .     B - +2 pair of gloves
rMut   .         Stasis   .     w - +0 pair of boots {run}
MR     +++++                    T - amulet of the Four Winds {Clar rN+ MR+++}
Stlth  ++++......               p - +5 ring of intelligence
                                j - ring of magical power

@: deflect missiles, quick, almost entirely resistant to hostile enchantments,
stealthy
A: high mp 1, weak 1, sustain attributes
a: no special abilities
}: 2/15 runes: decaying, gossamer


You were on level 2 of the Depths.
You were not hungry.

You visited 8 branches of the dungeon, and saw 47 of its levels.
You visited 1 bazaar.
You also visited: Labyrinth.

You collected 5111 gold pieces.
You spent 3008 gold pieces at shops.

Inventory:

Hand weapons
 X - the +4 long sword "Asusk" (weapon) {slice, rPois rF++ MP+9 Stlth-}
   (You found it in a labyrinth)

   It inflicts extra damage upon your enemies.
   It greatly protects you from fire.
   It protects you from poison.
   It affects your magic capacity (+9).
   It makes you less stealthy.
Armour
 l - the +1 robe of Sujie {-Tele rElec rPois rC+++}
   (You bought it in a shop on level 4 of the Orcish Mines)

   It renders you almost immune to cold.
   It insulates you from electricity.
   It protects you from poison.
   It prevents most forms of teleportation.
 w - a +0 pair of boots of running (worn)
 A - the +0 buckler of the Sturgeon (worn) {rC+ Slay+3}
   (You acquired it on level 2 of the Swamp)

   It affects your accuracy and damage with ranged weapons and melee attacks
   (+3).
   It protects you from cold.
 B - a +2 pair of gloves (worn)
 C - the +0 robe of the City {rPois rF+ Dex+5}
   (You took it off a vampire mage on level 2 of the Depths)

   It affects your dexterity (+5).
   It protects you from fire.
   It protects you from poison.
 R - a +2 helmet of see invisible (worn)
 U - a +0 cloak of magic resistance (worn)
 W - the +1 robe of Gozag's Vengeance (worn) {rCorr Int+3 Dex+2 SInv}
   (You found it on level 2 of the Spider Nest)

   It affects your intelligence (+3).
   It affects your dexterity (+2).
   It lets you see invisible.
   It protects you from acid and corrosion.
Magical staves
 M - an uncursed staff of cold
 V - an uncursed staff of wizardry
Jewellery
 e - an uncursed ring of protection from cold
 j - a ring of magical power (left hand)
 m - the amulet of Kaceces {Clar -Tele rPois rN+++ Dex+4}
   (You took it off a deep elf annihilator on level 3 of the Elven Halls)

   [amulet of clarity]

   It provides mental clarity.
   It affects your dexterity (+4).
   It protects you from poison.
   It renders you almost immune to negative energy.
   It prevents most forms of teleportation.
 p - a +5 ring of intelligence (right hand)
 S - an uncursed ring of protection from fire
 T - the amulet of the Four Winds (around neck) {Clar rN+ MR+++}
   (You found it on level 4 of the Lair of Beasts)

   [amulet of clarity]

   It provides mental clarity.
   It protects you from negative energy.
   It affects your resistance to hostile enchantments.
Magical devices
 v - a wand of digging (18)
 H - a wand of hasting (3)
 N - a wand of disintegration (11)
Scrolls
 a - 5 scrolls of blinking
 f - 2 scrolls of amnesia
 h - 6 scrolls of identify
 i - 9 scrolls of teleportation
 n - 6 scrolls of fog
 o - 2 scrolls of enchant weapon
 r - 9 scrolls of magic mapping
 x - a scroll of vulnerability
 D - a scroll of fear
 F - 4 scrolls of remove curse
 I - a scroll of summoning
 P - a scroll of recharging
Potions
 b - a potion of cancellation
 g - 5 potions of magic
 k - 3 potions of heal wounds
 q - 7 potions of brilliance
 s - 24 potions of curing
 t - 3 potions of might
 z - 10 potions of haste
 E - 4 potions of resistance
 G - 5 potions of flight
 K - a potion of mutation
 Q - 4 potions of agility
Books
 d - Suelun's Tome of Good Luck and Hexes
   (You acquired it on level 3 of the Elven Halls)

   Spells                             Type                      Level
   a - Corona                         Hexes                        1
   b - Ensorcelled Hibernation        Hexes/Ice                    2
   c - Excruciating Wounds            Charms/Necromancy            5
   d - Deflect Missiles               Charms/Air                   6
   e - Haste                          Charms                       6
 u - a Young Poisoner's Handbook

   Spells                             Type                      Level
   a - Sting                          Conjuration/Poison           1
   b - Cure Poison                    Poison                       2
   c - Mephitic Cloud                 Conjuration/Poison/Air       3
   d - Olgreb's Toxic Radiance        Poison                       4
   e - Venom Bolt                     Conjuration/Poison           5
 y - a book of Summonings

   Spells                             Type                      Level
   a - Recall                         Summoning/Translocation      3
   b - Aura of Abjuration             Summoning                    5
   c - Shadow Creatures               Summoning                    5
   d - Summon Demon                   Summoning                    5
   e - Summon Forest                  Summoning/Translocation      5
   f - Summon Mana Viper              Hexes/Summoning              5
 J - a book of the Sky

   Spells                             Type                      Level
   a - Summon Lightning Spire         Summoning/Air                4
   b - Airstrike                      Air                          4
   c - Silence                        Hexes/Air                    5
   d - Deflect Missiles               Charms/Air                   6
   e - Conjure Ball Lightning         Conjuration/Air              6
   f - Tornado                        Air                          9
 O - a book of the Dragon

   Spells                             Type                      Level
   a - Flame Tongue                   Conjuration/Fire             1
   b - Cause Fear                     Hexes                        4
   c - Bolt of Fire                   Conjuration/Fire             6
   d - Dragon Form                    Transmutation                7
   e - Dragon's Call                  Summoning                    9
 Y - a book of Clouds

   Spells                             Type                      Level
   a - Mephitic Cloud                 Conjuration/Poison/Air       3
   b - Conjure Flame                  Conjuration/Fire             3
   c - Poisonous Cloud                Conjuration/Poison/Air       6
   d - Freezing Cloud                 Conjuration/Ice/Air          6
   e - Ring of Flames                 Charms/Fire                  7
 Z - a book of Annihilations

   Spells                             Type                      Level
   a - Poison Arrow                   Conjuration/Poison           6
   b - Chain Lightning                Conjuration/Air              8
   c - Lehudib's Crystal Spear        Conjuration/Earth            8
   d - Glaciate                       Conjuration/Ice              9
   e - Fire Storm                     Conjuration/Fire             9
Comestibles
 c - 11 bread rations
 L - a slice of pizza


   Skills:
 - Level 11.0 Fighting
 - Level 10.7 Dodging
 - Level 10.0 Stealth
 - Level 5.8 Shields
 + Level 16.2 Spellcasting
 * Level 16.5 Conjurations
   Level 6.7 Hexes
 - Level 9.5 Charms
 - Level 8.1 Summonings
 * Level 11.1 Ice Magic
 - Level 15.4 Air Magic
 - Level 3.0 Poison Magic


You had 6 spell levels left.
You knew the following spells:

 Your Spells              Type           Power        Failure   Level  Hunger
a - Magic Dart            Conj           ####         0%          1    None
b - Searing Ray           Conj           ######       0%          2    None
c - Iskenderun's Mystic   Conj           ########     0%          4    None
d - Iskenderun's Battles  Conj/Chrm      #######.     1%          5    None
e - Venom Bolt            Conj/Pois      #######...   1%          5    None
f - Freezing Cloud        Conj/Ice/Air   ########..   1%          6    None
g - Shadow Creatures      Summ           N/A          1%          5    None
h - Deflect Missiles      Chrm/Air       #######...   1%          6    None
i - Regeneration          Chrm/Necr      ######....   1%          3    None
j - Haste                 Chrm           #######.     2%          6    None
q - Ozocubu's Armour      Chrm/Ice       #######.     1%          3    None


Dungeon Overview and Level Annotations

Branches:
Dungeon (15/15)            Temple (0/1) D:4            Lair (8/8) D:10
  Swamp (4/4) Lair:5       Spider (4/4) Lair:3        Slime (0/6) Lair:7
    Orc (4/4) D:12            Elf (3/3) Orc:4        Vaults (4/5) D:13
  Crypt (0/3) Vaults:3     Depths (4/5) D:15

Shops:
D:4 ?   D:7 (   Orc:2 %   Orc:4 [(%}   Elf:1 *!!   Vaults:3 }   Depths:4 %(

Portals:
Hell: Depths:1 Depths:2
Abyss: Depths:1

Annotations:
D:10 exclusion: 2 oklob plants
Spider:2 Mara
Elf:2 5 runed doors


Innate Abilities, Weirdness & Mutations

You have an increased reservoir of magic (+10% MP).
Your attributes are resistant to harm.
You are weak. (Str -2)


Message History

Press: ? - help, Shift-Dir - straight line, f/p - ogre mage
Aim: an ogre mage, wielding a halberd and wearing a robe (moderately wounded, fast)
The orb of energy misses the ogre mage.
The ogre mage closely misses you.
Unknown command.
Unknown command.
Drink which item? (? for menu, Esc to quit)
You feel much better.
The winds cease moving at the spriggan air mage's will.
The ogre mage closely misses you.
The spriggan air mage waves its arms in wide circles.
The air twists around and strikes you!
* * * LOW HITPOINT WARNING * * *
Read which item? (? for menu, Esc to quit)
As you read the scroll of fear, it crumbles to dust.
You assume a fearsome visage.
The spriggan air mage resists with almost no effort.
The ogre mage looks frightened!
The spriggan air mage waves its arms in wide circles.
The air twists around and strikes you!
You die...

.i# ##...# ##
#O####..#.## #..
#§##...##..##
#..##§§..####)..#
##.§########.#.##
#..§######.}.#..##
#....#...#(i.##..#
#..#i.....##.##..#
##.####...##).@..#
..#=#..##....##.#
..####.###.#))##.#
#......#.
#)#.....#
.#...#....
#..)##.## # ##..
##.()##.# #..
#....##.# ##[.(#
#§# ###..# #.#


You could see a spriggan air mage.

Vanquished Creatures
  Norris (D:13)
  2 liches (Vaults:4)
  2 deep elf master archers (Elf:3)
  A deep elf blademaster (Elf:3)
  A sphinx (Vaults:3)
  Gastronok (Orc:2)
  3 thorn hunters
  A storm dragon (Vaults:1)
  2 tengu reavers
  A fire giant (Depths:2)
  5 deep elf sorcerers
  4 frost giants
  The ghost of MDvedh the Bludgeoner, a mighty GrWn of Okawaru (Swamp:3)
  Maud (Orc:4)
  A ghost moth (Spider:3)
  Louise (D:14)
  8 vault wardens
  An orc warlord (Vaults:3)
  A spriggan defender (Depths:2)
  10 ironheart preservers
  5 very ugly things (Depths:1)
  11 stone giants
  17 deep elf annihilators
  4 deep elf demonologists
  A salamander stormcaller (Vaults:2)
  A minotaur (Lab)
  2 deep elf death magi (Elf:3)
  3 great orbs of eyes
  8 vault guards
  Josephine (Orc:3)
  9 yaktaur captains
  12 ogre magi
  An ettin (Depths:1)
  4 fire dragons
  5 deep elf high priests
  4 rakshasas
  2 ice dragons (Depths:1)
  35 hydras
  3 entropy weavers
  5 alligators
  8 centaur warriors
  5 catoblepae
  2 dancing weapons (Elf:2)
  4 deep troll shamans
  4 deep troll earth magi
  14 death yaks
  A spriggan berserker (Depths:2)
  2 tengu warriors
  4 vampire magi
  A hell knight (Vaults:4)
  Nergalle (Orc:2)
  An ice devil (Depths:1)
  8 spriggans
  7 orc high priests
  A small abomination (Elf:1)
  23 deep elf knights
  3 fire crabs
  4 skeletal warriors (D:14)
  16 deep trolls
  2 iron trolls (Depths:2)
  5 wizards
  A fire crab (shapeshifter) (Vaults:3)
  2 flayed ghosts
  4 giant orange brains
  2 spriggan druids (Swamp:4)
  6 deep elf summoners
  13 hill giants
  9 ironbrand convokers
  2 unseen horrors (D:12)
  3 harpies (Vaults:1)
  12 hornets
  8 swamp dragons
  A wolf spider zombie (D:12)
  5 shambling mangroves
  11 deep elf conjurers
  6 necromancers
  3 oklob plants
  22 wolf spiders
  18 orb spiders
  3 orc sorcerers
  A fire giant zombie (Vaults:3)
  A cyclops (shapeshifter) (Vaults:1)
  A shadow dragon skeleton (D:15)
  39 orc knights
  A hornet (shapeshifter) (Elf:1)
  7 cyclopes
  33 ugly things
  4 griffons
  A centaur zombie (D:10)
  30 elephants
  2 manticores
  7 vault sentinels
  2 gargoyles (D:10)
  2 moths of wrath (Spider:4)
  6 black mambas
  Psyche (D:8)
  3 torpor snails
  A torpor snail (shapeshifter) (D:14)
  21 spiny frogs
  8 kobold demonologists
  6 komodo dragons
  An efreet (D:15)
  5 fire drakes
  2 freezing wraiths
  33 yaktaurs
  6 tengu conjurers (Depths:1)
  A two-headed ogre (shapeshifter) (D:14)
  9 trolls
  23 deep elf priests
  13 demonic crawlers
  A hornet zombie (D:15)
  3 giant leeches
  A wind drake (shapeshifter) (Vaults:1)
  2 polar bears
  A sphinx simulacrum (Vaults:4)
  A polar bear (shapeshifter) (D:13)
  11 bog bodies
  3 boulder beetles
  A blink frog (shapeshifter) (Vaults:1)
  21 two-headed ogres
  24 jumping spiders
  40 blink frogs
  A fire giant simulacrum (Depths:2)
  An ice dragon zombie (Depths:2)
  32 slime creatures
  52 yaks
  9 trapdoor spiders
  A shadow (Swamp:1)
  12 tarantellas
  A vampire (Vaults:3)
  2 water elementals (Depths:1)
  3 wraiths (Orc:3)
  32 redbacks
  A wyvern (D:10)
  A centaur simulacrum (D:14)
  4 basilisks
  A hog (shapeshifter) (Elf:3)
  A fire bat (shapeshifter) (Vaults:1)
  A hungry ghost (D:15)
  40 deep elf magi
  14 hippogriffs
  A tarantella (shapeshifter) (Depths:2)
  39 vampire mosquitoes
  A human (shapeshifter) (Vaults:3)
  16 humans
  34 deep elf fighters
  A steam dragon (Lair:6)
  19 insubstantial wisps
  A soldier ant (shapeshifter) (Vaults:2)
  13 wolves
  A yaktaur simulacrum (Vaults:4)
  4 wargs
  21 water moccasins
  11 porcupines
  A warg (shapeshifter) (Elf:3)
  3 mottled dragons
  29 swamp worms
  An ice beast (shapeshifter) (Vaults:4)
  17 wasps
  12 swamp drakes
  An eye of draining (shapeshifter) (Elf:3)
  4 black bears
  52 orc warriors
  33 spiders
  4 sky beasts
  62 ogres
  A tengu (shapeshifter) (Vaults:4)
  A necrophage (D:8)
  An eye of draining (D:14)
  8 ice beasts
  9 centaurs
  3 human skeletons
  18 boggarts
  21 giant frogs
  6 big kobolds
  A human zombie (Vaults:2)
  Blork the orc (D:5)
  19 crocodiles
  3 jellies
  A scorpion (shapeshifter) (D:15)
  An elf zombie (Vaults:4)
  5 scorpions
  A troll skeleton (D:11)
  36 killer bees
  4 spriggan skeletons (D:11)
  18 wights
  12 crimson imps
  2 human simulacra (Vaults:2)
  2 electric eels
  51 orc priests
  A giant frog skeleton (D:5)
  27 orc wizards
  2 giant frog zombies
  7 hounds
  Jessica (D:3)
  4 centaur skeletons
  2 quasits
  18 worker ants
  A gnoll shaman (Orc:4)
  8 iguanas
  26 sheep
  A boulder beetle simulacrum (Vaults:1)
  A hound zombie (D:5)
  8 gnolls
  84 river rats
  11 adders
  4 shadow imps
  A white imp (Depths:1)
  2 giant eyeballs
  2 oozes
  An adder skeleton (D:5)
  An adder zombie (D:5)
  4 worms
  4 giant geckos
  179 orcs
  4 ball pythons
  9 bats
  2 giant cockroaches (D:2)
  8 hobgoblins
  4 jackals (D:1)
  13 kobolds
  3 quokkas
  6 giant newts
  13 goblins
  12 rats
  2 crawling corpses (Elf:1)
  5 fungi
  A plant (D:10)
2104 creatures vanquished.

Vanquished Creatures (collateral kills)
  Rupert (D:13)
  A lich (Vaults:3)
  Asterion (Spider:3)
  Agnes (Spider:3)
  A revenant (Vaults:3)
  A frost giant (Vaults:3)
  A fire giant (Depths:1)
  Donald (Spider:3)
  A ghost moth (Spider:4)
  An orc warlord (Vaults:4)
  5 emperor scorpions
  An ironheart preserver (Vaults:2)
  A vampire knight (Vaults:3)
  3 very ugly things (Depths:1)
  An ettin (Depths:1)
  A fire dragon (Depths:1)
  2 rakshasas (Depths:1)
  3 entropy weavers
  15 death yaks
  2 skeletal warriors
  An obsidian statue (D:15)
  3 necromancers
  A lindwurm (shapeshifter) (Depths:1)
  3 orb spiders
  18 wolf spiders
  A frost giant zombie (D:15)
  2 fire giant zombies
  A tengu skeleton (Vaults:3)
  A human zombie (Vaults:2)
  A hornet (Spider:3)
  12 ugly things
  9 elephants
  A frost giant skeleton (Vaults:2)
  A torpor snail (Spider:3)
  A yaktaur zombie (D:15)
  An orc skeleton (Vaults:2)
  A spiny frog (Lair:8)
  3 demonic crawlers
  3 human skeletons (Vaults:2)
  A fire drake (Lair:7)
  A freezing wraith (Vaults:2)
  6 slime creatures
  2 blink frogs (Lair:6)
  A fire dragon zombie (D:15)
  2 ettin zombies (Vaults:2)
  11 jumping spiders
  A boulder beetle (Lair:8)
  A frost giant simulacrum (Vaults:2)
  A tarantella (shapeshifter) (Elf:2)
  4 trapdoor spiders
  A centaur simulacrum (D:15)
  19 redbacks
  15 tarantellas
  9 yaks
  A basilisk (Lair:7)
  A hippogriff (Lair:6)
  A deep elf fighter (Elf:2)
  2 water moccasins (Lair:8)
  A deep troll skeleton (Vaults:3)
  A wolf (Lair:8)
  A wasp (Spider:4)
  An orc warrior (Vaults:3)
  7 spiders
  2 ogres
  5 orc wizards
  15 sheep
  35 river rats
  15 orcs
  3 kobolds (D:11)
  3 plants (Lair:8)
277 creatures vanquished.

Vanquished Creatures (others)
  A lich (Depths:2)
  A fire giant (Vaults:2)
  A deep elf high priest (Elf:3)
  An orb spider (Spider:1)
  A stone giant zombie (Vaults:3)
  An orc priest (Vaults:3)
  5 fulminant prisms
  83 fungi
  58 plants
152 creatures vanquished.

Grand Total: 2533 creatures vanquished

Notes
Turn   | Place    | Note
--------------------------------------------------------------
     0 | D:1      | HungrySpirit the Demigod Conjurer began the quest for the Orb.
     0 | D:1      | Reached XP level 1. HP: 14/14 MP: 5/5
   199 | D:1      | Reached skill level 4 in Conjurations
   199 | D:1      | Reached XP level 2. HP: 20/20 MP: 2/7
   719 | D:1      | Learned a level 2 spell: Searing Ray
  1469 | D:2      | Reached XP level 3. HP: 26/26 MP: 5/9
  1574 | D:2      | Found a sacrificial altar of Ru.
  1940 | D:2      | Found an iron altar of Okawaru.
  2029 | D:2      | Found a glowing silver altar of Zin.
  2067 | D:2      | Reached XP level 4. HP: 33/33 MP: 10/10
  2890 | D:3      | Noticed Jessica
  2897 | D:3      | Killed Jessica
  2897 | D:3      | Reached XP level 5. HP: 38/38 MP: 12/12
  3466 | D:4      | Noticed an ogre
  3468 | D:4      | Found a staircase to the Ecumenical Temple.
  3475 | D:4      | Killed an ogre
  3475 | D:4      | Reached skill level 5 in Conjurations
  3475 | D:4      | Reached XP level 6. HP: 45/45 MP: 15/15
  3575 | D:4      | Learned a level 4 spell: Iskenderun's Mystic Blast
  3581 | D:4      | Learned a level 5 spell: Iskenderun's Battlesphere
  3583 | D:4      | Found Vihanl Jeul's Magic Scroll Boutique.
  3592 | D:4      | Bought a scroll of blinking for 90 gold pieces
  3592 | D:4      | Bought a scroll of teleportation for 36 gold pieces
  3733 | D:4      | Reached skill level 1 in Charms
  3781 | D:4      | Found a shadowy altar of Dithmenos.
  3841 | D:5      | Entered Level 5 of the Dungeon
  3857 | D:4      | Reached skill level 1 in Fighting
  4200 | D:5      | Noticed Blork the orc
  4206 | D:5      | Killed Blork the orc
  4206 | D:5      | Reached XP level 7. HP: 45/53 MP: 16/16
  4417 | D:5      | Got a scorched helmet
  4464 | D:5      | Identified the cursed +0 helmet "Saow" {*Confuse rN++ Regen+ SInv} (You found it on level 5 of the Dungeon)
  4516 | D:5      | Reached skill level 5 in Stealth
  4810 | D:5      | Reached XP level 8. HP: 63/63 MP: 16/17
  5236 | D:6      | Reached skill level 6 in Conjurations
  5797 | D:6      | Reached skill level 7 in Conjurations
  6053 | D:7      | Found Mosur's Weapon Emporium.
  6647 | D:8      | Reached XP level 9. HP: 69/69 MP: 18/18
  6649 | D:8      | Found a basalt altar of Yredelemnul.
  6659 | D:8      | Noticed Psyche
  6663 | D:8      | Killed Psyche
  6938 | D:8      | Reached skill level 8 in Conjurations
  7778 | D:8      | HP: 2/103 [something/puff of flame (7)]
  8428 | D:9      | Reached skill level 9 in Conjurations
  8706 | D:9      | Reached XP level 10. HP: 47/77 MP: 19/20
  8986 | D:9      | Reached skill level 5 in Spellcasting
  9262 | D:9      | Reached skill level 5 in Dodging
 10094 | D:10     | Entered Level 10 of the Dungeon
 10250 | D:9      | Upgraded the game from 0.17-a0-1923-gc35365e to 0.17-a0-1939-ga475588
 10610 | D:10     | Noticed a cyclops
 10624 | D:10     | Killed a cyclops
 10695 | D:10     | Noticed a hill giant
 10706 | D:10     | Killed a hill giant
 10706 | D:10     | Reached skill level 5 in Charms
 10836 | D:10     | Noticed an oklob plant
 11343 | D:10     | Found a staircase to the Lair.
 11348 | D:10     | Killed an oklob plant
 11352 | D:10     | Noticed an oklob plant
 11357 | D:10     | Noticed an oklob plant
 11460 | Lair:1   | Entered Level 1 of the Lair of Beasts
 12539 | D:11     | Reached XP level 11. HP: 82/82 MP: 22/25
 12822 | D:11     | Noticed a cyclops
 12919 | D:11     | Killed a cyclops
 13287 | D:11     | Learned a level 3 spell: Ozocubu's Armour
 13314 | D:11     | Noticed a hill giant
 13321 | D:11     | Killed a hill giant
 13416 | D:11     | Noticed a hill giant
 13708 | D:11     | Killed a hill giant
 13917 | D:12     | Found a staircase to the Orcish Mines.
 13937 | D:11     | Gained mutation: You are clumsy. (Dex -2) [potion of mutation]
 13937 | D:11     | Gained mutation: Your mind is acute. (Int +2) [potion of mutation]
 13937 | D:11     | Gained mutation: You are weak. (Str -2) [potion of mutation]
 14754 | Lair:1   | Noticed a five-headed hydra
 14769 | Lair:1   | Killed a five-headed hydra
 15797 | Lair:1   | Reached skill level 10 in Stealth
 15874 | Lair:1   | Reached XP level 12. HP: 89/89 MP: 20/29
 16579 | Lair:2   | Reached skill level 1 in Ice Magic
 16691 | Lair:2   | Noticed a four-headed hydra
 16764 | Lair:2   | Killed a four-headed hydra
 16945 | Lair:2   | Noticed an eight-headed hydra
 16958 | Lair:2   | Killed an eight-headed hydra
 17281 | Lair:2   | Noticed a seven-headed hydra
 17290 | Lair:2   | Killed a seven-headed hydra
 17290 | Lair:2   | Reached skill level 10 in Spellcasting
 17343 | Lair:2   | Learned a level 4 spell: Summon Ice Beast
 17485 | Lair:3   | Noticed a seven-headed hydra
 17525 | Lair:3   | Got a faintly glowing robe
 17532 | Lair:3   | Identified the +0 robe of Xepnum {*Contam +Fly rN+ Stlth+} (You found it on level 3 of the Lair of Beasts)
 17740 | Lair:3   | Reached skill level 1 in Summonings
 18212 | Lair:3   | Found a hole to the Spider Nest.
 18386 | Lair:3   | Killed a seven-headed hydra
 18818 | Lair:3   | Reached skill level 5 in Fighting
 20352 | Lair:5   | Reached XP level 13. HP: 101/101 MP: 29/31
 20501 | Lair:5   | Noticed a five-headed hydra
 20512 | Lair:5   | Killed a five-headed hydra
 21209 | Lair:5   | Found a staircase to the Swamp.
 21314 | Lair:5   | Reached skill level 5 in Ice Magic
 22786 | Lair:6   | Reached skill level 5 in Summonings
 22899 | Lair:6   | Got a slimy emerald amulet
 22902 | Lair:6   | Identified the amulet of Pomadoiq {Spirit rN+} (You found it on level 6 of the Lair of Beasts)
 22923 | Lair:6   | Learned a level 5 spell: Shadow Creatures
 24340 | Lair:6   | You fall through a shaft for 2 floors!
 24340 | Lair:8   | Entered Level 8 of the Lair of Beasts
 24793 | Lair:8   | Reached skill level 1 in Shields
 24967 | Lair:8   | Reached skill level 10 in Dodging
 26124 | Lair:7   | Found a staircase to the Slime Pits.
 26124 | Lair:7   | Found a viscous altar of Jiyva.
 27313 | Lair:6   | Reached XP level 14. HP: 108/113 MP: 14/33
 30394 | Lair:6   | Reached skill level 10 in Conjurations
 31772 | Lair:8   | Reached skill level 5 in Shields
 31832 | Lair:8   | Reached skill level 11 in Spellcasting
 34479 | Lair:8   | Learned a level 5 spell: Venom Bolt
 34585 | Lair:8   | Reached XP level 15. HP: 116/124 MP: 16/35
 34930 | D:12     | Found a burning altar of Makhleb.
 35214 | Orc:1    | Entered Level 1 of the Orcish Mines
 35487 | Orc:2    | Found a burning altar of Makhleb.
 35562 | Orc:2    | Found Oruzoska's Food Shoppe.
 36396 | Orc:3    | Learned a level 4 spell: Fulminant Prism
 36683 | Orc:3    | Noticed Josephine
 36689 | Orc:3    | Killed Josephine
 36689 | Orc:3    | Reached skill level 1 in Poison Magic
 37602 | Orc:2    | Noticed Nergalle
 37606 | Orc:2    | Killed Nergalle
 37606 | Orc:2    | Reached skill level 1 in Hexes
 37610 | Orc:2    | Noticed Gastronok
 37624 | Orc:2    | Killed Gastronok
 38249 | Orc:4    | Entered Level 4 of the Orcish Mines
 38278 | Orc:4    | Found a labyrinth entrance.
 38284 | Lab      | Entered a labyrinth
 38446 | Lab      | Got a jewelled long sword
 38447 | Lab      | Identified the +4 long sword "Asusk" {slice, rPois rF++ MP+9 Stlth-} (You found it in a labyrinth)
 40070 | Orc:4    | Found Eho Foa's Armour Shoppe.
 40073 | Orc:4    | Found Junir's Food Emporium.
 40074 | Orc:4    | Found Kaahiuh's Gadget Shoppe.
 40075 | Orc:4    | Found Toshut's Weapon Shoppe.
 40082 | Orc:4    | Bought a +2 cloak of poison resistance for 259 gold pieces
 40112 | Orc:4    | Bought the +1 robe of Sujie {-Tele rElec rPois rC+++} for 746 gold pieces
 40367 | Orc:4    | Found a staircase to the Elven Halls.
 40372 | Orc:4    | Noticed Maud
 40379 | Orc:4    | Killed Maud
 41535 | D:12     | Killed an unseen horror
 41984 | D:13     | Found a gate to the Vaults.
 41984 | D:13     | Noticed Norris
 41984 | D:13     | Noticed Rupert
 42201 | D:13     | Killed Norris
 42201 | D:13     | Reached skill level 10 in Fighting
 42685 | D:13     | Killed Rupert
 43934 | D:14     | Noticed Louise
 43934 | D:14     | Reached skill level 12 in Spellcasting
 43941 | D:14     | Killed Louise
 44920 | D:14     | Reached skill level 5 in Hexes
 45145 | D:15     | Entered Level 15 of the Dungeon
 45458 | D:15     | Reached XP level 16. HP: 102/135 MP: 2/37
 45920 | D:15     | Found a staircase to the Depths.
 47393 | Spider:1 | Entered Level 1 of the Spider Nest
 49343 | Spider:2 | Got a polished great sword
 49365 | Spider:1 | Identified the +3 great sword "Wiar" {vamp, *Rage rF+++ Int+7} (You found it on level 2 of the Spider Nest)
 49883 | Spider:2 | Got a twisted robe
 49888 | Spider:2 | Identified the +1 robe of Gozag's Vengeance {rCorr Int+3 Dex+2 SInv} (You found it on level 2 of the Spider Nest)
 50067 | Spider:2 | Found a roughly hewn altar of Beogh.
 50608 | Spider:3 | Noticed Mara
 50611 | Spider:3 | Noticed HungrySpirit's illusion
 50826 | Spider:3 | Learned a level 6 spell: Poisonous Cloud
 50835 | Spider:3 | Learned a level 6 spell: Freezing Cloud
 50878 | Spider:3 | Noticed HungrySpirit's illusion
 51111 | Lair:5   | Reached skill level 1 in Air Magic
 51272 | Lair:6   | Identified a scroll of acquirement
 51279 | Lair:6   | Identified a +0 pair of boots of running (You acquired it on level 6 of the Lair of Beasts)
 51577 | Spider:3 | Noticed Agnes
 51589 | Spider:3 | Killed Agnes
 51760 | Spider:3 | Noticed HungrySpirit's illusion
 51767 | Spider:2 | Noticed HungrySpirit's illusion
 52214 | Spider:2 | Noticed HungrySpirit's illusion
 52759 | Spider:3 | Noticed Asterion
 52781 | Spider:3 | Killed Asterion
 53646 | Spider:3 | Noticed Donald
 53659 | Spider:3 | Killed Donald
 54583 | Spider:4 | Entered Level 4 of the Spider Nest
 54588 | Spider:4 | Reached skill level 5 in Air Magic
 56785 | Spider:3 | Reached XP level 17. HP: 144/144 MP: 38/38
 59172 | Spider:4 | Got a gossamer rune of Zot
 59605 | Elf:1    | Entered Level 1 of the Elven Halls
 60389 | Elf:1    | Found Mopaci's Assorted Antiques.
 60404 | Elf:1    | Bought a pair of runed gloves for 157 gold pieces
 60404 | Elf:1    | Bought a wooden wand for 140 gold pieces
 60404 | Elf:1    | Bought a scroll of identify for 70 gold pieces
 60404 | Elf:1    | Bought a potion of curing for 105 gold pieces
 60404 | Elf:1    | Bought a steaming rapier for 315 gold pieces
 60444 | Elf:1    | Identified the +7 rapier of Guile {flame, +Blink Int-5 Stlth+} (You bought it in a shop on level 1 of the Elven Halls)
 60814 | Elf:1    | Found Owkum's Distillery.
 60818 | Elf:1    | Bought a potion of berserk rage for 70 gold pieces
 60818 | Elf:1    | Bought a potion of curing for 42 gold pieces
 60818 | Elf:1    | Bought a potion of curing for 42 gold pieces
 60818 | Elf:1    | Bought a potion of curing for 42 gold pieces
 60838 | Elf:1    | Found Fugur's Distillery.
 60841 | Elf:1    | Bought 2 potions of haste for 320 gold pieces
 60841 | Elf:1    | Bought a potion of haste for 160 gold pieces
 60841 | Elf:1    | Bought a potion of curing for 48 gold pieces
 60841 | Elf:1    | Bought a potion of curing for 48 gold pieces
 61877 | Elf:2    | Found a huge runed gate.
 61877 | Elf:2    | Found a huge runed gate.
 61877 | Elf:2    | Found a huge runed gate.
 61892 | Elf:2    | Found a huge runed gate.
 61894 | Elf:2    | Found a huge runed gate.
 62750 | Elf:3    | Entered Level 3 of the Elven Halls
 62845 | Elf:3    | Identified Suelun's Tome of Good Luck and Hexes (You acquired it on level 3 of the Elven Halls)
 62853 | Elf:3    | Learned a level 6 spell: Deflect Missiles
 62984 | Elf:3    | Reached skill level 13 in Spellcasting
 63883 | Elf:3    | Got a sparkling amber ring
 63884 | Elf:3    | Identified the ring "Lepiets" {rPois Str+3 Int-5 Dex+4} (You took it off a deep elf sorcerer on level 3 of the Elven Halls)
 65307 | Elf:3    | Reached XP level 18. HP: 82/151 MP: 12/40
 66258 | Elf:3    | Reached skill level 10 in Ice Magic
 66393 | Elf:3    | Got a faintly glowing graven amulet
 66425 | Elf:3    | Got a pair of translucent boots
 66436 | Elf:3    | Identified the +2 pair of boots of the Lobster {rC+ Regen+ Int-3} (You found it on level 3 of the Elven Halls)
 66459 | Elf:3    | Learned a level 3 spell: Regeneration
 67106 | Swamp:1  | Entered Level 1 of the Swamp
 67284 | Swamp:1  | Identified the amulet of Kaceces {Clar -Tele rPois rN+++ Dex+4} (You took it off a deep elf annihilator on level 3 of the Elven Halls)
 69590 | Swamp:2  | Reached skill level 10 in Air Magic
 69752 | Swamp:2  | Got an ichor-stained buckler
 69763 | Swamp:2  | Identified the +0 buckler of the Sturgeon {rC+ Slay+3} (You acquired it on level 2 of the Swamp)
 70859 | Swamp:3  | Noticed MDvedh's ghost (mighty GrWn)
 70966 | Swamp:3  | Killed MDvedh's ghost
 71702 | Swamp:4  | Entered Level 4 of the Swamp
 72045 | Swamp:4  | Reached skill level 14 in Spellcasting
 72848 | Swamp:4  | Got a decaying rune of Zot
 73934 | D:12     | Noticed an unseen horror
 73936 | D:12     | Killed an unseen horror
 73958 | Vaults:1 | Entered Level 1 of the Vaults
 74108 | Vaults:1 | Reached XP level 19. HP: 145/157 MP: 35/43
 78839 | Vaults:2 | Reached skill level 15 in Spellcasting
 80562 | Vaults:2 | Found an opulent altar of Gozag.
 80676 | Vaults:3 | Found Nett's Gadget Shop.
 80980 | Vaults:3 | Found a staircase to the Crypt.
 81147 | Vaults:3 | Reached skill level 15 in Conjurations
 81591 | Vaults:3 | Reached XP level 20. HP: 120/165 MP: 3/45
 82191 | Vaults:3 | Learned a level 6 spell: Haste
 83300 | Vaults:3 | Found a stormy altar of Qazlal.
 84301 | Vaults:4 | Gained mutation: You are very weak. (Str -4) [a cacodemon]
 84339 | Vaults:4 | Lost mutation: You are clumsy. (Dex -2) [potion of cure mutation]
 84339 | Vaults:4 | Lost mutation: Your mind is acute. (Int +2) [potion of cure mutation]
 84339 | Vaults:4 | Lost mutation: You are very weak. (Str -4) [potion of cure mutation]
 86327 | Vaults:4 | Found a roughly hewn altar of Beogh.
 86853 | Vaults:5 | Entered Level 5 of the Vaults
 87202 | Depths:1 | Entered Level 1 of the Depths
 87661 | Depths:1 | Found a gateway to Hell.
 87704 | Depths:1 | Found a one-way gate to the infinite horrors of the Abyss.
 89391 | D:4      | Bought a scroll of enchant armour for 90 gold pieces
 89391 | D:4      | Bought a scroll of enchant armour for 90 gold pieces
 89391 | D:4      | Bought a scroll of summoning for 114 gold pieces
 89391 | D:4      | Bought a scroll of identify for 24 gold pieces
 89722 | Depths:1 | Reached skill level 16 in Spellcasting
 89956 | Depths:1 | Reached XP level 21. HP: 109/171 MP: 19/47
 90964 | Depths:1 | Found a gateway to a bazaar.
 90973 | Bazaar   | Entered a bazaar
 90973 | Bazaar   | Found Yxzeidghu's Antique Armour Boutique.
 90973 | Bazaar   | Found Deloteoj's Armour Shop.
 90973 | Bazaar   | Found Seano's Weapon Shop.
 91391 | Depths:2 | You fall through a shaft for 2 floors!
 91391 | Depths:4 | Found Nemalla's Food Shop.
 91457 | Depths:4 | Found Ima Zyt's Antique Weapon Shop.
 91492 | Depths:2 | Reached skill level 15 in Air Magic
 91980 | Depths:2 | Got a transparent robe
 92299 | Depths:1 | Identified the +0 robe of the City {rPois rF+ Dex+5} (You took it off a vampire mage on level 2 of the Depths)
 93423 | Depths:2 | Killed from afar by a spriggan air mage

Vault maps used:
D:1:      onia_arrival_handbag
D:2:      okawaru_altar_gauntlet_db, old_standard_altar,
          nicolae_ru_path_of_blood
D:3:      uniq_jessica
D:4:      nicolae_dithmenos_shadow_blocks, serial_shops, shop, first_bread
D:5:      serial_aquarium, aquarium_bridge_square, aquarium_window_1,
          aquarium_window_2, aquarium_view_4, aquarium_view_2d,
          aquarium_balcony_double_1, aquarium_pool_double, uniq_blork_the_orc
D:6:      nicolae_ossuary_entry_plus, minmay_ogre_servants
D:7:      serial_shops, shop_statue
D:8:      lemuel_crystal_altar, uniq_psyche
D:10:     dpeg_oklobed_lair
D:11:     spider_trap, hangedman_tell_no_tales
D:12:     basic_altar
D:13:     david_vaults_3, minivault_25
D:14:     minivault_4, uniq_louise
D:15:     gammafunk_depths_entry_grave, minivault_26, minivault_16
Lair:1:   grunt_megastairs_2, lemuel_fruit_tree
Lair:2:   grunt_megastairs_3
Lair:3:   nicolae_spider_entry_tight_spaces, infiniplex_staircase_pool_2
Lair:5:   nicolae_swamp_entry_splash_gauntlet
Lair:6:   guppyfry_lair_drakes, serial_bayou_shore_a
Lair:7:   slime_altar_1, minmay_lair_oklob_bushes
Lair:8:   evilmike_catoblepas_cave, ldierk_geyser, hangedman_lair_unloving_vines
Swamp:1:  hangedman_swamp_blocks
Swamp:2:  evilmike_swamp_ruin_rubble_2
Swamp:3:  serial_swamp_ruin, evilmike_swamp_ruin_rubble_1,
          evilmike_swamp_ruin_house_2
Swamp:4:  swamp_alternative, swamp_pool2
Spider:2: nicolae_spider_mines_2
Spider:3: nicolae_spider_cling_ruins, uniq_mara, uniq_asterion, uniq_agnes,
          uniq_donald
Spider:4: guppyfry_spider_rune
Orc:2:    basic_altar, serial_shops, nicolae_shop_statue_plus,
          statue_in_the_mist_lemuel, uniq_gastronok, uniq_nergalle
Orc:3:    nicolae_orc_pool_cavern, lemuel_statue_altar, uniq_josephine
Orc:4:    st_orc_pillars, lab_entry_generic, uniq_maud
Elf:1:    eino_elf_arrival_the_gate, serial_shops, nicolae_shop_behind_doors,
          shop, nicolae_shop_behind_doors, minivault_28
Elf:3:    minmay_elf_hall_dome, minmay_crystal_room
Vaults:1: vaults_mumra_minichess_inversion, v_misc_33, grunt_vaults_twisty,
          v_misc_2, nicolae_vaults_little_squares_2,
          ontoclasm_vaults_loading_screen
Vaults:2: hangedman_vaults_stagger, nicolae_vaults_display_case,
          grunt_vaults_diagonal, grunt_vaults_trifunnel, v_misc_9, v_misc_22,
          ontoclasm_vaults_loading_screen, nicolae_vaults_little_ls,
          hangedman_vaults_maws, dpeg_vaults_monster_box, basic_altar
Vaults:3: minmay_crypt_entry_simple_box, v_pattern_1, hangedman_vaults_nodes,
          vaults_room_octagon, special_room_vaults, vaults_room_door_ring,
          v_misc_4, nicolae_vaults_asterisk, vaults_room_ringed_pool,
          hangedman_vaults_corner, v_misc_15, vaults_room_grid,
          hangedman_vaults_trim, nicolae_vaults_little_squares_4,
          nicolae_vaults_little_squares_5, basic_altar, serial_shops, shop
Vaults:4: v_misc_15, nicolae_vaults_hallways_thing, v_rooms_2,
          special_room_vaults, v_misc_13, v_misc_12, hangedman_vaults_nails,
          v_alt_pattern_4, hangedman_vaults_cutoff
Vaults:5: serial_shops
Depths:1: abyss_entry, hangedman_coc_ice_floe, serial_shops, bzr_entry_gold,
          minmay_misc_feat_five, grunt_ministairs_15, minmay_holes,
          minmay_misc_feat_room, library_closet, onia_ninara_cookie,
          serial_bayou_shore_b
Depths:2: minmay_four_inscribed_fans, hex_intersection, hell_entry,
          basic_stair_grate_trap, minmay_staircase_bubble
Depths:3: mludivico_vault, enter_ziggurat_b, grunt_decor_clamped, hell_entry,
          grunt_pan_entry_in_and_out, kennysheep_cross_room,
          infiniplex_staircase_spiral_double, serial_bayou_shore_b
Depths:4: grunt_x_marks_the_spot, hell_entry, serial_shops,
          nicolae_shop_temple_entry_statues_fountains,
          nicolae_shop_overgrown_old_shop, shop,
          nicolae_shop_scaring_up_business, minmay_room_of_horrors,
          minmay_misc_feat_hallway
Lab:      labyrinth_watery, nicolae_lab_lava, nicolae_lab_very_dead_end,
          nicolae_lab_checkerboard
Bazaar:   bazaar_outfitter

Action                   |  1- 3 |  4- 6 |  7- 9 | 10-12 | 13-15 | 16-18 | 19-21 || total
-------------------------+-------+-------+-------+-------+-------+-------+-------++-------
Melee: Unarmed           |     4 |       |       |       |       |       |       ||     4
       Hand axe          |    31 |    11 |       |       |       |       |       ||    42
       Dagger            |    13 |    16 |    10 |    43 |    27 |       |       ||   109
       Staff             |       |       |       |       |   190 |     4 |       ||   194
       Long sword        |       |       |       |       |    57 |   181 |   148 ||   386
 Cast: Magic Dart        |    80 |   131 |   248 |   524 |  1027 |   834 |   433 ||  3277
       Searing Ray       |     3 |     8 |    43 |    27 |    24 |     3 |       ||   108
       Iskenderun's Myst |       |       |     8 |   199 |   503 |   502 |   631 ||  1843
       Iskenderun's Batt |       |       |       |    50 |   161 |   163 |   120 ||   494
       Ozocubu's Armour  |       |       |       |     1 |    69 |    63 |    39 ||   172
       Summon Ice Beast  |       |       |       |     1 |    25 |       |       ||    26
       Shadow Creatures  |       |       |       |       |    81 |   165 |    58 ||   304
       Venom Bolt        |       |       |       |       |    13 |    26 |    46 ||    85
       Fulminant Prism   |       |       |       |       |     5 |       |       ||     5
       Freezing Cloud    |       |       |       |       |       |   163 |   157 ||   320
       Deflect Missiles  |       |       |       |       |       |     3 |     4 ||     7
       Haste             |       |       |       |       |       |       |     4 ||     4
Evoke: Wand              |       |       |       |       |     1 |     7 |     2 ||    10
  Use: Scroll            |       |       |     3 |    25 |    11 |    29 |     6 ||    74
       Potion            |       |       |     1 |     3 |     4 |     6 |     2 ||    16
 Stab: Sleeping          |     2 |       |       |       |     5 |       |       ||     7
       Invisible         |       |       |       |       |     3 |       |       ||     3
       Distracted        |       |       |       |       |     2 |     1 |     2 ||     5
       Paralysed         |       |       |       |       |       |     1 |       ||     1
  Eat: Chunk             |     4 |     6 |    11 |    23 |    35 |    14 |    15 ||   108
       Fruit             |       |     1 |       |    20 |     6 |    11 |       ||    38
       Royal jelly       |       |       |     1 |     1 |     4 |     2 |       ||     8
       Beef jerky        |       |       |     1 |       |     3 |       |     2 ||     6
       Meat ration       |       |       |       |     1 |     6 |     8 |     2 ||    17
       Pizza             |       |       |       |     1 |     3 |     3 |       ||     7
       Bread ration      |       |       |       |       |       |     3 |     7 ||    10
